AoeStats
← NessMan

Hill Fort

506984518Analyzed
3v3 RM · 17d ago on Sep 16, 2026· 39m 8s· 6 players
Game mode
Random Map
Map size
Normal (6 player)
Population
200
Speed
Normal
Resources
Standard
Victory
Conquest
Starting age
Dark Age
Ending age
Imperial Age
RankedLock teamsTeams togetherTeam positionsShared explorationLock speedFull tech treeHidden civsTurbo modeCheats
Victory
Defeat
🇺🇸 Magyars · United States
630
+9
🇺🇸 Burgundians · United States
556
+12
🇺🇸 Malians · United States
554
+12
🇺🇸 Shu · United States
591
-24
🇵🇪 Khmer · Peru
485
-12
🇺🇸 Ethiopians · United States
320
-6
GiriThaBeast
4:58 Loom
10:20 Feudal Age
10:45 Double-Bit Axe
10:42 Horse Collar
20:34 Castle Age
23:21 Wheelbarrow
22:38 Gold Mining
22:39 Stone Mining
26:00 Gold Shaft Mining
39:13 Imperial Age
38:35 Hand Cart
38:52 Scale Mail Armor
39:03 Forging
pavelinhos
11:20 Feudal Age
15:32 Stone Mining
19:05 Castle Age
17:29 Double-Bit Axe
22:36 Bow Saw
24:14 Wheelbarrow
24:16 Horse Collar
26:05 Husbandry
Alexander5663
12:37 Feudal Age
DonCandy
6:30 Loom
7:30 Wheelbarrow
13:38 Feudal Age
12:28 Double-Bit Axe
13:55 Gold Mining
13:52 Horse Collar
15:03 Bow Saw
18:14 Heavy Plow
18:56 Loom
19:34 Hand Cart
20:23 Gold Shaft Mining
23:18 Castle Age
23:37 Cavalier
25:10 Husbandry
28:16 Two-Man Saw
27:42 Forging
27:33 Scale Mail Armor
27:50 Forging
27:46 Scale Barding Armor
28:37 Stone Mining
29:30 Iron Casting
30:01 Chain Barding Armor
40:06 Imperial Age
ProKrustius
4:58 Loom
11:09 Feudal Age
12:19 Double-Bit Axe
14:16 Horse Collar
16:45 Gold Mining
20:47 Bloodlines
23:26 Castle Age
22:55 Scale Barding Armor
28:50 Wheelbarrow
30:58 Hand Cart
32:33 Husbandry
32:43 Pikeman
NessMan
5:23 Loom
11:48 Feudal Age
13:29 Wheelbarrow
13:48 Double-Bit Axe
16:36 Horse Collar
21:58 Castle Age
21:05 Forging
20:21 Man-at-Arms
24:14 Iron Casting
24:00 Long Swordsman
26:23 Bloodlines
28:06 Gold Mining
30:34 Scale Barding Armor
31:28 Crossbowman
33:50 Chain Barding Armor
Connection lost

Rejoining the realm…

Still unreachable

The connection could not be restored.

Session expired

The server has moved on; the page needs a fresh start.